 Dungeon Crawl Stone Soup version 0.24-a0-378-g94936e539c (webtiles) character file.

Game seed: 13177718812797498815

154 Laiders72 the Chopper (level 5, 0/48 HPs)
             Began as a Hill Orc Fighter on June 1, 2019.
             Succumbed to a worker ant's poison
             ... on level 4 of the Dungeon.
             The game lasted 00:04:32 (1789 turns).

Laiders72 the Chopper (Hill Orc Fighter)            Turns: 1789, Time: 00:04:32

Health: 0/48       AC:  6    Str: 19    XL:     5   Next: 35%
Magic:  5/5        EV:  7    Int:  8    God:
Gold:   66         SH:  9    Dex: 11    Spells: 4/4 levels left

rFire    . . .     SeeInvis .   a - +0 war axe
rCold    . . .     Gourm    .   c - +0 shield
rNeg     . . .     Faith    .   b - +0 scale mail
rPois    .         Spirit   .   (no helmet)
rElec    .         Reflect  .   (no cloak)
rCorr    .         Harm     .   (no gloves)
MR       .....                  (no boots)
Stlth    ..........             (no amulet)
HPRegen  0.16/turn              (no ring)
MPRegen  0.09/turn              (no ring)

@: lethally poisoned (0 -> -2)
A: no striking features
a: no special abilities


You were on level 4 of the Dungeon.
You were very hungry.

You visited 1 branch of the dungeon, and saw 4 of its levels.

You collected 66 gold pieces.

Inventory:

Hand Weapons
 a - a +0 war axe (weapon)
Missiles
 g - 51 sling bullets
Armour
 b - a +0 scale mail (worn)
 c - a +0 shield (worn)
Jewellery
 j - an uncursed amulet of regeneration {unknown}
Scrolls
 e - a scroll of fear {unknown}
 h - a scroll of fog {unknown}
 i - a scroll of remove curse {unknown}
 k - a scroll of amnesia {unknown}
Potions
 d - a potion of might
 m - 2 potions of haste
Comestibles
 f - 3 rations
 l - 2 chunks of flesh


   Skills:
 + Level 5.4 Fighting
 * Level 5.6 Axes
 - Level 3.2 Armour
 - Level 3.2 Shields


You had 4 spell levels left.
You didn't know any spells.
Your spell library was empty.

Dungeon Overview and Level Annotations

Branches:
Dungeon (4/15)
 Temple: D:4-7

Altars:
Sif Muna

Annotations:
D:3 2 transporters, Sigmund


Message History

A leopard gecko skeleton comes into view.
* * * LOW HITPOINT WARNING * * *
You feel sick.
A centaur skeleton comes into view.
* * * LOW HITPOINT WARNING * * *
You feel sick.
* * * LOW HITPOINT WARNING * * *
You feel sick.
* * * LOW HITPOINT WARNING * * *
You feel sick.
* * * LOW HITPOINT WARNING * * *
You feel sick.
A giant cockroach comes into view.
* * * LOW HITPOINT WARNING * * *
You feel sick.
You closely miss the giant cockroach. The giant cockroach bites you.
* * * LOW HITPOINT WARNING * * *
You completely miss the giant cockroach.
You slash the centaur skeleton!
You die...

#.<..............
#................
#................
#................
#........########
#........#####
######.Z......
#Z####### #@# #s#
#.# #.# #.# #.#
#.# #.#


You could see a giant cockroach, a leopard gecko skeleton and a centaur
skeleton.

Vanquished Creatures
  An orc priest (D:3)
  A worker ant (D:4)
  3 adders
  2 worms (D:2)
  A dart slug (D:2)
  A leopard gecko (D:2)
  4 orcs (D:3)
  3 giant cockroaches
  10 goblins
  9 hobgoblins
  3 jackals (D:2)
  8 kobolds
  3 bats
  5 frilled lizards
  9 rats
63 creatures vanquished.

Notes
Turn   | Place    | Note
-------+----------+-------------------------------------------
     0 | D:1      | Laiders72 the Hill Orc Fighter began the quest for the Orb.
     0 | D:1      | Reached XP level 1. HP: 19/19 MP: 1/1
   129 | D:1      | Reached XP level 2. HP: 25/27 MP: 2/2
   729 | D:2      | Reached XP level 3. HP: 30/34 MP: 3/3
  1132 | D:2      | Reached XP level 4. HP: 37/41 MP: 4/4
  1602 | D:3      | Reached skill level 5 in Fighting
  1615 | D:3      | Found a transporter.
  1696 | D:3      | Found a transporter.
  1712 | D:3      | Reached skill level 5 in Axes
  1712 | D:3      | Reached XP level 5. HP: 33/48 MP: 5/5
  1734 | D:3      | Found a deep blue altar of Sif Muna.
  1743 | D:3      | Noticed Sigmund
  1784 | D:4      | HP: 2/48 [poisoned by a worker ant]
  1789 | D:4      | Succumbed to a worker ant's poison

Levels and vault maps discovered:
D:1:      lemuel_arrival_rhombus, layout_loops_ring
D:2:      layout_basic, minmay_domino_2
D:3:      layout_rooms, gammafunk_temple_overflow_arena,
          gammafunk_ghost_stat_death, first_ration, doesnt_xom_only_xom,
          uniq_sigmund, uniq_grinder
D:4:      layout_basic, minmay_misc_feat_square

Skill      XL: |  1  2  3  4 |
---------------+-------------+-----
Axes           | 3 4 5 |  5.6
Fighting       | 4 5 |  5.4
Armour         | |  3.2
Shields        | |  3.2

Action                   |  1- 3 |  4- 6 || total
-------------------------+-------+-------++-------
Melee: War axe           |   114 |    86 ||   200
  Use: Scroll            |     3 |       ||     3
       Potion            |     1 |       ||     1
  Eat: Chunk             |     1 |     1 ||     2
Armor: Scale mail        |    66 |    38 ||   104
Dodge: Dodged            |    35 |    19 ||    54
Block: Shield            |    58 |    38 ||    96

Table legend:
 A = Non-vault XP
 B = Vault XP
 C = Vault XP percentage of total XP
 D = Non-vault monster count
 E = Vault monster count
 F = Vault count percentage of total count
                 A         B        C        D         E       F
            +---------+---------+-------+---------+---------+-------
      Total |     216 |       4 |   1.8 |      61 |       2 |   3.2
            +---------+---------+-------+---------+---------+-------
        D:1 |      33 |       0 |   0.0 |      21 |       0 |   0.0
        D:2 |      67 |       4 |   5.6 |      29 |       2 |   6.5
        D:3 |      83 |       0 |   0.0 |      10 |       0 |   0.0
        D:4 |      33 |       0 |   0.0 |       1 |       0 |   0.0
            +---------+---------+-------+---------+---------+-------
